 Dungeon Crawl Stone Soup version 0.26-a0-639-g72c4674329 (webtiles) character file.

Game seed: 11369928594435822981

28 Alarkh the Insei (level 3, 9/28 HPs)
             Began as a Demonspawn Gladiator on Sept 17, 2020.
             Got out of the dungeon alive.
             The game lasted 00:00:45 (816 turns).

Alarkh the Insei (Demonspawn Gladiator)              Turns: 816, Time: 00:00:46

Health: 9/28       AC:  4    Str: 14    XL:     3   Next: 0%
Magic:  3/3        EV: 12    Int: 16    God:
Gold:   73         SH:  4    Dex: 20    Spells: 2/2 levels left

rFire    . . .     SeeInvis .     - Unarmed
rCold    . . .     Faith    .   (no shield)
rNeg     . . .     Spirit   .   a - +0 leather armour
rPois    .         Reflect  .   b - +0 helmet
rElec    .         Harm     .   (no cloak)
rCorr    .         Rampage  .   (no gloves)
MR       .....                  (no boots)
Stlth    ++........             (no amulet)
HPRegen  0.09/turn              f - +6 ring of dexterity
MPRegen  0.08/turn              j - +6 ring of intelligence

@: drained
A: large bone plates 1
a: no special abilities


You escaped.
You visited 1 branch of the dungeon, and saw 1 of its levels.

You collected 73 gold pieces.

Inventory:

Missiles
 c - 3 throwing nets (quivered)
Armour
 a - a +0 leather armour (worn)
 b - a +0 helmet (worn)
Jewellery
 f - a +6 ring of dexterity (left hand)
 j - a +6 ring of intelligence (right hand)
Scrolls
 e - a scroll of enchant weapon {unknown}
 g - a scroll of fog {unknown}
 h - 2 scrolls of identify {unknown}
Potions
 d - a potion of mutation {unknown}
 i - a potion of haste {unknown}


   Skills:
 + Level 2.5(1.9) Fighting
 - Level 1.7(1.2) Throwing
 - Level 2.6(2.1) Dodging
 * Level 3.5(2.9) Unarmed Combat


You had 2 spell levels left.
You didn't know any spells.
Your spell library was empty.

Dungeon Overview and Level Annotations

Branches:
Dungeon (1/15)

Altars:


Innate Abilities, Weirdness & Mutations

You are partially covered in large bone plates. (SH +4)


Message History

The bat hits you but does no damage. The bat hits you but does no damage.
The bat hits you.
* * * LOW HITPOINT WARNING * * *
The bat hits you but does no damage. The bat barely misses you.
The bat barely misses you.
You hit the bat.
You kill the bat!
You have reached level 3!
Your experience leads to an increase in your attributes!
Your base attributes are Str 14, Int 9, Dex 14.
Increase (S)trength, (I)ntelligence, or (D)exterity?
You feel clever.
You see here a hobgoblin corpse.
As you open the gate, it creaks loudly!
There is an open gate here.
There is a staircase leading out of the dungeon here.
Are you sure you want to leave the Dungeon?
This will make you lose the game!
You have escaped!

#......... #. .......# #.
.....# #.# #### #...#
#.###.####...
###...####............
#.......######.#.##... #
#.##'''##.# #.#.###.#
#.#.#.....#.# ##(...##.#
#####.#.#..@..#.###.........
........#.....#..##.....##)#
#.#####.#.....#......#.###..
######.####..##'''##.##...#.#
###
................(.........#.# #
.....#####(.............#.#####
#.†######.#..#####.####......
#.†..†....#..# #.# #######
#..########..# #.# #


There were no monsters in sight!

Vanquished Creatures
  2 oozes (D:1)
  4 bats (D:1)
  2 giant cockroaches (D:1)
  4 hobgoblins (D:1)
  A ball python (D:1)
  3 frilled lizards (D:1)
  4 kobolds (D:1)
20 creatures vanquished.

Notes
Turn   | Place    | Note
-------+----------+-------------------------------------------
     0 | D:1      | Alarkh the Demonspawn Gladiator began the quest for the
                  | Orb.
     0 | D:1      | Reached XP level 1. HP: 16/16 MP: 1/1
   110 | D:1      | Reached skill level 3 in Unarmed Combat
   112 | D:1      | Gained mutation: You are partially covered in large bone
                  | plates. (SH +4) [demonic ancestry]
   112 | D:1      | Reached XP level 2. HP: 6/22 MP: 2/2
   800 | D:1      | Reached XP level 3. HP: 8/28 MP: 3/3
   816 | D:$      | Got out of the dungeon alive.

Illustrated notes

Levels and vault maps discovered:
D:1:      dpeg_arrival_windows_large_door, layout_loops_ring, minmay_ruptured

Skill      XL: |  1 |
---------------+----+-----
Unarmed Combat | 3 |  3.5
Fighting       | |  2.5
Throwing       | |  1.7
Dodging        | |  2.6

Action                   || total
-------------------------++-------
Melee: Unarmed           ||    88
       Punch             ||     2
 Stab: Sleeping          ||     3
Armor: Leather armour    ||    28
Dodge: Dodged            ||    69
Block: Other             ||    15

Table legend: (Time is in decaauts)
 A = Elapsed time spent in this place.
 B = Non-inter-level travel time spent in this place.
 C = Inter-level travel time spent in this place.
 D = Time resting spent in this place.
 E = Time spent auto-exploring this place.
 F = Levels seen in this place.
 G = Mean time per level.
                   A        B        C        D        E       F      G
               +--------+--------+--------+--------+--------+-----+--------+
         Total |    810 |    797 |     13 |    297 |    347 |   1 |  810.0 |
       Dungeon |    810 |    797 |     13 |    297 |    347 |   1 |  810.0 |
               +--------+--------+--------+--------+--------+-----+--------+

Top non-repeatable levels by time:
     D:1: 810 daAuts
